 Dungeon Crawl Stone Soup version 0.28.0-53-g5a82cb258f (webtiles) character file.

Game seed: 7003936689912277290

1878 DocClef the Magician (level 9, -25/65 HPs)
             Began as a Gnoll Fire Elementalist on July 15, 2022.
             Was a Follower of Cheibriados.
             Annihilated by a two-headed ogre
             ... wielding a +0 giant spiked club
              (32 damage)
             ... on level 8 of the Dungeon.
             The game lasted 00:11:43 (9434 turns).

DocClef the Magician (Gnoll Fire Elementalist)      Turns: 9434, Time: 00:11:44

Health: -25/65     AC:  3    Str: 17    XL:     9   Next: 14%
Magic:  9/18       EV: 15    Int: 21    God:    Cheibriados [*.....]
Gold:   489        SH:  0    Dex: 18    Spells: 8/20 levels left

rFire   . . .      SeeInvis .   B - +5 mace "Fusir" {freeze, Will+ Dex+2}
rCold   . . .      Faith    .   (no shield)
rNeg    . . .      Spirit   .   a - +0 robe
rPois   +          Reflect  .   (no helmet)
rElec   .          Harm     .   (no cloak)
rCorr   .          Rampage  .   v - +0 pair of gloves
Will    +....                   (no boots)
Stlth   +++.......              (no amulet)
HPRegen 0.20/turn               k - +6 ring of strength
MPRegen 0.16/turn               m - ring of poison resistance

@: very slow
A: fangs 1, strong nose, distributed training
a: Renounce Religion, Bend Time


You were on level 8 of the Dungeon.
You worshipped Cheibriados.
Cheibriados was aware of your devotion.
You visited 2 branches of the dungeon, and saw 9 of its levels.
You also visited: Ossuary.

You collected 489 gold pieces.

Inventory:

Hand Weapons
 d - a +0 short sword
 p - a +1 mace of protection
 B - the +5 mace "Fusir" (weapon) {freeze, Will+ Dex+2}
   (You found it on level 7 of the Dungeon)

   It freezes those it strikes, dealing additional cold damage.
   It can also slow down cold-blooded creatures.
   Dex:       It affects your dexterity (+2).
   Will:      It increases your willpower.
Missiles
 c - 21 poisoned darts
 D - a throwing net
Armour
 a - a +0 robe (worn)
 v - a +0 pair of gloves (worn)
Jewellery
 k - a +6 ring of strength (left hand)
 m - a ring of poison resistance (right hand)
Scrolls
 b - 2 scrolls of enchant weapon {unknown}
 f - 7 scrolls of teleportation
 h - 2 scrolls of amnesia
 i - a scroll of vulnerability {unknown}
 j - a scroll of fear {unknown}
 n - a scroll of brand weapon {unknown}
 u - 2 scrolls of blinking {unknown}
 w - a scroll of enchant armour {unknown}
 x - a scroll of magic mapping {unknown}
 y - 3 scrolls of identify
 A - a scroll of holy word {unknown}
 C - a scroll of fog {unknown}
Potions
 e - 2 potions of might
 g - 2 potions of magic
 l - 2 potions of heal wounds
 o - 3 potions of haste {unknown}
 q - 2 potions of curing {unknown}
 r - 2 potions of mutation {unknown}
 s - 3 potions of attraction {unknown}
 t - a potion of flight {unknown}
 z - 2 potions of lignification {unknown}


   Skills:
 + Level 3.9 Fighting
 + Level 3.9 Short Blades
 + Level 3.9 Long Blades
 + Level 3.9 Axes
 + Level 3.9 Maces & Flails
 + Level 3.9 Polearms
 + Level 3.9 Staves
 + Level 3.9 Slings
 + Level 3.9 Bows
 + Level 3.9 Crossbows
 + Level 3.9 Throwing
 + Level 3.9 Armour
 + Level 6.1 Dodging
 + Level 5.8 Stealth
 + Level 3.9 Shields
 + Level 3.9 Unarmed Combat
 + Level 6.4 Spellcasting
 + Level 3.9 Conjurations
 + Level 3.2 Hexes
 + Level 3.2 Summonings
 + Level 3.2 Necromancy
 + Level 3.2 Translocations
 + Level 3.2 Transmutations
 + Level 6.4 Fire Magic
 + Level 3.2 Ice Magic
 + Level 3.2 Air Magic
 + Level 3.2 Earth Magic
 + Level 3.2 Poison Magic
 + Level 4.3 Invocations
 + Level 3.9 Evocations


You had 8 spell levels left.
You knew the following spells:

 Your Spells              Type           Power      Damage    Failure   Level
a - Foxfire               Conj/Fire      100%       2x1d9     1%          1
b - Scorch                Fire           66%        2d8       1%          2
c - Conjure Flame         Conj/Fire      28%        6-21      3%          3
d - Inner Flame           Hex/Fire       27%        N/A       3%          3
e - Call Canine Familiar  Summ           20%        N/A       8%          3

Your spell library contained the following spells:

 Spells                   Type           Power      Damage    Failure   Level
 Magic Dart               Conj           92%        1d7       1%          1
 Beastly Appendage        Tmut           40%        N/A       2%          1
 Summon Small Mammal      Summ           80%        N/A       2%          1
 Searing Ray              Conj           46%        2d6       2%          2
 Wereblood                Tmut           20%        N/A       3%          2
 Gell's Gravitas          Tloc           20%        N/A       8%          3
 Spider Form              Tmut/Pois      20%        N/A       8%          3
 Summon Guardian Golem    Hex/Summ       20%        N/A       8%          3
 Teleport Other           Tloc           20%        N/A       8%          3
 Flame Wave               Conj/Fire      28%        2d8       11%         4
 Fulminant Prism          Conj/Hex       10%        3d9       22%         4
 Dispersal                Tloc           10%        N/A       98%         6


Dungeon Overview and Level Annotations

Branches:
Dungeon (8/15)             Temple (1/1) D:6         Ossuary (visited)
   Lair: D:8-11

Altars:
Ashenzari
Cheibriados
Dithmenos
Elyvilon
Fedhas
Gozag
Hepliaklqana
Kikubaaqudgha
Makhleb
Nemelex Xobeh
Okawaru
Qazlal
Ru
Sif Muna
Trog
Uskayaw
Wu Jian
Xom
Yredelemnul
The Shining One

Annotations:
D:5 Grinder


Innate Abilities, Weirdness & Mutations

You have very sharp teeth.
Your uncanny sense of smell can sniff out nearby items.
Your experience applies equally to all skills.


Message History

A two-headed ogre comes into view.
It is wielding a +0 giant spiked club and a +0 giant club.
A two-headed ogre is nearby!
A two-headed ogre is nearby!
A two-headed ogre is nearby!
The two-headed ogre shouts in stereo!
Casting: Foxfire (safe; 1% risk of failure)
Confirm with . or Enter, or press ? or * to list all spells.
Aiming: Inner Flame (dangerous; 3% risk of failure)
Press: ? - help, Dir - move target, f - two-headed ogre
Aim: a two-headed ogre, wielding a +0 giant spiked club and a +0 giant club (chance to affect: 68%)
The two-headed ogre struggles to resist.
Casting: Inner Flame (dangerous; 3% risk of failure)
Confirm with . or Enter, or press ? or * to list all spells.
Aiming: Inner Flame (dangerous; 3% risk of failure)
Press: ? - help, Dir - move target, f/p - two-headed ogre
Aim: a two-headed ogre, wielding a +0 giant spiked club and a +0 giant club (chance to affect: 68%)
The two-headed ogre struggles to resist.
You barely miss the two-headed ogre.
The two-headed ogre hits you with a +0 giant spiked club!
The two-headed ogre completely misses you.
You conjure some foxfire!
The two-headed ogre hits you with a +0 giant spiked club!!
The two-headed ogre hits you with a +0 giant club!
You are too injured to fight recklessly!
You hit the two-headed ogre. You freeze the two-headed ogre.
You bite the two-headed ogre, but do no damage.
The two-headed ogre is lightly wounded.
The foxfire hits the two-headed ogre.
The two-headed ogre is lightly wounded.
The foxfire hits the two-headed ogre.
The two-headed ogre is lightly wounded.
The two-headed ogre hits you with a +0 giant spiked club!
* * * LOW HITPOINT WARNING * * *
The two-headed ogre hits you with a +0 giant club.
* * * LOW HITPOINT WARNING * * *
Unknown command.
Casting: Foxfire (safe; 1% risk of failure)
Confirm with . or Enter, or press ? or * to list all spells.
The two-headed ogre hits you with a +0 giant spiked club!!
You die...

### ..# #.# ####.## .....
#..#######. ###..........
####..@O.#
..........####... ...
#####...h.<..........
#.#.######.......< #
#....# ...... ..##
##..#.### ###.(...#
.....##...#...###........
#....#####..........#
###....#...##.......#


You could see a two-headed ogre (ally target) and a friendly hound (summoned).

Vanquished Creatures
  A wyvern (D:8)
  A water moccasin (D:7)
  An ice beast (D:6)
  A black bear (D:8)
  2 necrophages
  An ogre (D:6)
  A sky beast (D:7)
  A centaur (D:7)
  A kobold brigand (D:7)
  A wyvern zombie (D:7)
  2 scorpions
  A water moccasin zombie (D:7)
  A crimson imp (D:7)
  A human zombie (Ossuary)
  A hound (D:5)
  2 gnoll shamans
  An orc priest (D:7)
  2 bullfrog skeletons
  A centaur skeleton (D:4)
  A scorpion zombie (D:5)
  2 iguanas
  3 mummies (Ossuary)
  12 gnolls
  7 adders
  3 white imps
  2 adder zombies (Ossuary)
  5 worms
  6 dart slugs
  4 orcs
  4 endoplasms
  6 giant cockroaches
  7 goblins
  4 hobgoblins
  3 jackals (D:1)
  12 kobolds
  2 quokkas (D:1)
  7 ball pythons
  4 bats
  A frilled lizard (D:3)
  A gnoll zombie (Ossuary)
  3 goblin zombies (Ossuary)
  6 hobgoblin zombies (Ossuary)
  A quokka zombie (Ossuary)
  10 rats
  4 rat zombies (Ossuary)
143 creatures vanquished.

Vanquished Creatures (others)
  779 foxfires
779 creatures vanquished.

Grand Total: 922 creatures vanquished

Notes
Turn   | Place    | Note
-------+----------+-------------------------------------------
     0 | D:1      | DocClef the Gnoll Fire Elementalist began the quest for the
                  | Orb.
     0 | D:1      | Reached XP level 1. HP: 13/13 MP: 6/6
   150 | D:1      | Reached XP level 2. HP: 19/19 MP: 3/7
   568 | D:1      | Found a faded altar of an unknown god.
   580 | D:1      | Reached XP level 3. HP: 25/25 MP: 0/9
   683 | D:1      | Reached skill level 5 in Spellcasting
   954 | D:1      | Reached skill level 1 in Invocations
  1590 | D:2      | Reached skill level 1 in Fighting
  1590 | D:2      | Reached skill level 1 in Short Blades
  1590 | D:2      | Reached skill level 1 in Long Blades
  1590 | D:2      | Reached skill level 1 in Axes
  1590 | D:2      | Reached skill level 1 in Maces & Flails
  1590 | D:2      | Reached skill level 1 in Polearms
  1590 | D:2      | Reached skill level 1 in Staves
  1590 | D:2      | Reached skill level 1 in Slings
  1590 | D:2      | Reached skill level 1 in Bows
  1590 | D:2      | Reached skill level 1 in Crossbows
  1590 | D:2      | Reached skill level 1 in Throwing
  1590 | D:2      | Reached skill level 1 in Armour
  1590 | D:2      | Reached skill level 1 in Shields
  1590 | D:2      | Reached skill level 1 in Unarmed Combat
  1590 | D:2      | Reached skill level 1 in Evocations
  1694 | D:2      | Reached XP level 4. HP: 32/32 MP: 6/11
  1812 | D:2      | Reached skill level 1 in Hexes
  1812 | D:2      | Reached skill level 1 in Summonings
  1812 | D:2      | Reached skill level 1 in Necromancy
  1812 | D:2      | Reached skill level 1 in Translocations
  1812 | D:2      | Reached skill level 1 in Transmutations
  1812 | D:2      | Reached skill level 1 in Ice Magic
  1812 | D:2      | Reached skill level 1 in Air Magic
  1812 | D:2      | Reached skill level 1 in Earth Magic
  1812 | D:2      | Reached skill level 1 in Poison Magic
  2293 | D:2      | Learned a level 2 spell: Scorch
  2526 | D:3      | Reached XP level 5. HP: 37/37 MP: 8/12
  3167 | D:4      | Noticed a necrophage
  3174 | D:4      | Killed a necrophage
  3175 | D:4      | Reached XP level 6. HP: 40/44 MP: 4/14
  3179 | D:4      | Learned a level 3 spell: Conjure Flame
  3183 | D:4      | Learned a level 3 spell: Inner Flame
  3279 | D:4      | Reached skill level 5 in Dodging
  3847 | D:4      | Found a shimmering altar of Xom.
  4062 | D:5      | Entered Level 5 of the Dungeon
  4200 | D:5      | Found an iron altar of Okawaru.
  4593 | D:5      | Reached XP level 7. HP: 42/50 MP: 11/15
  4726 | D:5      | Noticed Grinder
  5127 | D:6      | Found an ornate altar of the Wu Jian Council.
  5198 | D:6      | HP: 1/51 [spore (29)]
  5635 | D:6      | Reached skill level 5 in Stealth
  6051 | D:6      | Found a broken altar of Ashenzari.
  6075 | D:6      | Found a white marble altar of Elyvilon.
  6360 | D:6      | Found a staircase to the Ecumenical Temple.
  6370 | Temple   | Entered the Ecumenical Temple
  6593 | Temple   | Became a worshipper of Cheibriados the Contemplative
  6657 | D:7      | Found a sand-covered staircase.
  6663 | Ossuary  | Entered an ossuary
  7403 | Ossuary  | Reached XP level 8. HP: 57/57 MP: 11/16
  7765 | D:7      | Found an ancient bone altar of Kikubaaqudgha.
  7767 | D:7      | Identified the +5 mace "Fusir" {freeze, Will+ Dex+2}
  8240 | D:7      | Reached * piety under Cheibriados
  8772 | D:7      | Learned a level 3 spell: Call Canine Familiar
  9212 | D:8      | Noticed a wyvern
  9224 | D:8      | Reached XP level 9. HP: 64/65 MP: 11/18
  9426 | D:8      | Noticed a two-headed ogre
  9434 | D:8      | Annihilated by a two-headed ogre

Illustrated notes

Levels and vault maps discovered:
D:1:      erik_arrival_cave_to_civilisation [erik_arrival_cave_to_hall],
          layout_loops_ring, shapermc_ecumenical_altar_starsandcircs
D:2:      layout_rooms, nicolae_wormholes
D:3:      layout_rooms
D:4:      layout_loops_ring, kennysheep_mini_moat
D:5:      layout_loops_ring, kennysheep_okawaru_gauntlet, uniq_grinder
D:6:      layout_rooms, nzn_wu_jian_contemplation,
          mainiacjoe_overflow_concentric_impassable,
          mainiacjoe_overflow_tiny_flanked, temple_hall
D:7:      layout_loops_corners, mainiacjoe_overflow_chevrons, enter_ossuary_5,
          minmay_fire_ice_demons
D:8:      layout_loops_ring, st_stairs_2
Temple:   dpeg_chambers_temple

Skill      XL: |  1  2  3  4  5  6  7  8 |
---------------+-------------------------+-----
Conjurations   | 2 3 |  3.9
Spellcasting   | 5 6 |  6.4
Invocations    | 1 2 3 4 |  4.3
Fighting       | 1 2 3 |  3.9
Short Blades   | 1 2 3 |  3.9
Long Blades    | 1 2 3 |  3.9
Axes           | 1 2 3 |  3.9
Maces & Flails | 1 2 3 |  3.9
Polearms       | 1 2 3 |  3.9
Staves         | 1 2 3 |  3.9
Slings         | 1 2 3 |  3.9
Bows           | 1 2 3 |  3.9
Crossbows      | 1 2 3 |  3.9
Throwing       | 1 2 3 |  3.9
Armour         | 1 2 3 |  3.9
Shields        | 1 2 3 |  3.9
Unarmed Combat | 1 2 3 |  3.9
Evocations     | 1 2 3 |  3.9
Hexes          | 1 2 3 |  3.2
Summonings     | 1 2 3 |  3.2
Necromancy     | 1 2 3 |  3.2
Translocations | 1 2 3 |  3.2
Transmutations | 1 2 3 |  3.2
Ice Magic      | 1 2 3 |  3.2
Air Magic      | 1 2 3 |  3.2
Earth Magic    | 1 2 3 |  3.2
Poison Magic   | 1 2 3 |  3.2
Dodging        | 5 6 |  6.1
Stealth        | 5 |  5.8
Fire Magic     | 6 |  6.4

Action                   |  1- 3 |  4- 6 |  7- 9 || total
-------------------------+-------+-------+-------++-------
Melee: Unarmed           |     1 |       |       ||     1
       Short sword       |     5 |     8 |       ||    13
       Bite              |       |     2 |     3 ||     5
       Mace              |       |    13 |    35 ||    48
       Punch             |       |       |     1 ||     1
 Cast: Foxfire           |    92 |   160 |   211 ||   463
       Scorch            |       |     2 |       ||     2
       Conjure Flame     |       |       |     6 ||     6
       Inner Flame       |       |       |     6 ||     6
       Call Canine Famil |       |       |     1 ||     1
  Use: Scroll            |       |       |     6 ||     6
 Stab: Sleeping          |     2 |     1 |       ||     3
Armor: Robe              |     1 |     6 |    11 ||    18
Dodge: Dodged            |    19 |    24 |    57 ||   100
